 Dungeon Crawl Stone Soup version 0.21.1-1-g345015f (webtiles) character file.

16222 troglodite the Fighter (level 12, 0/98 HPs)
             Began as a Demonspawn Berserker on Apr 20, 2018.
             Was the Champion of Trog.
             Slain by a stone giant (27 damage)
             ... on level 1 of the Orcish Mines.
             The game lasted 00:48:07 (11616 turns).

troglodite the Fighter (Demonspawn Berserker)      Turns: 11616, Time: 00:48:08

Health: 0/98       AC: 18    Str: 18    XL:     12   Next: 8%
Magic:  0/12       EV: 13    Int: 14    God:    Trog [******]
Gold:   921        SH:  6    Dex: 17    Spells: 11/11 levels left

rFire    . . .     SeeInvis .   o - +2 whip (elec)
rCold    . . .     Gourm    +   L - +0 buckler
rNeg     . . .     Faith    .   l - +2 ring mail {MR+}
rPois    .         Spirit   +   (helmet unavailable)
rElec    .         Reflect  .   K - +1 cloak
rCorr    +         Harm     .   y - +0 pair of gloves
MR       +....                  r - +0 pair of boots
Stlth    +++.......             e - amulet of the gourmand
HPRegen  0.26/turn              h - +5 ring of intelligence
MPRegen  0.13/turn              x - ring of stealth

@: no status effects
A: horns 3, yellow scales 3, demonic guardian 1, magic shield
a: Berserk, Trog's Hand, Brothers in Arms, Burn Spellbooks, Renounce Religion


You were on level 1 of the Orcish Mines.
You worshipped Trog.
Trog was exalted by your worship.
You were very full.

You visited 2 branches of the dungeon, and saw 11 of its levels.

You collected 949 gold pieces.
You spent 28 gold pieces at shops.

Inventory:

Hand Weapons
 a - a +0 falchion
 f - a +0 falchion of flaming
 o - a +2 whip of electrocution (weapon)
 H - a +2 hand axe of flaming
Missiles
 n - 233 stones (quivered)
 E - 121 sling bullets
Armour
 l - a +2 ring mail of magic resistance (worn)
 r - a +0 pair of boots (worn)
 y - a +0 pair of gloves (worn)
 K - a +1 cloak (worn)
 L - a +0 buckler (worn)
Jewellery
 e - an amulet of the gourmand (around neck)
 h - a +5 ring of intelligence (left hand)
 x - a ring of stealth (right hand)
Wands
 q - a wand of disintegration (8)
 B - a wand of paralysis (7)
 I - a wand of scattershot (5)
Scrolls
 g - 4 scrolls of remove curse
 i - 4 scrolls of fear {unknown}
 j - 6 scrolls of teleportation
 k - a scroll of fog {unknown}
 m - 3 scrolls of magic mapping {unknown}
 p - a scroll of blinking {unknown}
 t - 3 scrolls of enchant weapon {unknown}
 v - 3 scrolls of amnesia {unknown}
 w - a scroll of torment {unknown}
 G - a scroll of noise {unknown}
 J - 2 scrolls of enchant armour {unknown}
Potions
 d - 2 potions of agility
 s - a potion of resistance
 u - 2 potions of flight
 z - a potion of brilliance
 A - a potion of berserk rage
 D - 3 potions of curing
 F - a potion of magic
 M - a potion of mutation {unknown}
Comestibles
 b - 3 chunks of flesh
 c - 25 rations


   Skills:
 * Level 10.4 Fighting
 + Level 6.5 Long Blades
 + Level 8.7 Maces & Flails
   Level 4.7 Slings
 + Level 8.6 Armour
 + Level 3.8 Dodging
 + Level 2.6 Stealth
 * Level 5.0 Shields


You had 11 spell levels left.
You didn't know any spells.

Dungeon Overview and Level Annotations

Branches:
Dungeon (10/15)            Temple (0/1) D:7            Lair (0/6) D:9
    Orc (1/2) D:9

Altars:
Kikubaaqudgha
Nemelex Xobeh
Wu Jian
Zin

Shops:
D:4 *


Innate Abilities, Weirdness & Mutations

You have a pair of large horns on your head.
You are completely covered in yellow scales. (AC +4, rCorr)
A weak demonic guardian rushes to your aid.
When hurt, damage is shared between your health and your magic reserves.


Message History

The stone giant throws a large rock.
The large rock hits you!!
You see here a large rock.
You hit the stone giant.
Lightning courses through the stone giant!
The stone giant is lightly wounded.
The stone giant hits you!
You hit the stone giant but do no damage.
Lightning courses through the stone giant!
The stone giant is moderately wounded.
You hit the stone giant but do no damage.
You headbutt the stone giant!
The stone giant is moderately wounded.
The stone giant hits you!!
* * * LOW HITPOINT WARNING * * *
Your iron imp hits the stone giant!
You hit the stone giant but do no damage.
You headbutt the stone giant, but do no damage.
The stone giant is heavily wounded.
The stone giant hits you!!
You die...

........## .........##
....##.## ..........##
#.......# ...#.......##
##....#.#
............###......##
..##.#.#......#.....#.##
..#...#........#.......#
...#.........$.#C.....#
...............5@.#.#
...............((..#
..................##
...............#.##
........>........#
....................#
..#..##.....#..#.#.##
####################


You could see a stone giant and a friendly iron imp.

Vanquished Creatures
  A hydra (D:8)
  5 two-headed ogres
  The ghost of empire the Carver, a novice MiFi of Cheibriados (D:10)
  An orc high priest (Orc:1)
  Pikel (D:6)
  An orc sorcerer (Orc:1)
  Maurice (D:8)
  The ghost of shugdite the Chopper, a novice MiFi (D:5)
  Psyche (D:10)
  The ghost of quickben the Chopper, an amateur HOFi (D:4)
  Grinder (D:3)
  2 dream sheep (D:8)
  3 hippogriffs (D:8)
  7 yaks
  The ghost of shugdite the Covered, an amateur MiFi (D:3)
  2 wyverns
  Grum (D:8)
  A hungry ghost (D:8)
  2 water moccasins
  2 slaves
  A swamp drake (D:9)
  3 sky beasts
  11 orc warriors
  A black bear (D:7)
  A necrophage (D:9)
  2 wolves (D:8)
  A phantom (D:4)
  3 ice beasts
  9 ogres
  4 centaurs
  3 big kobolds (D:8)
  6 bullfrogs
  4 scorpions
  3 killer bees (D:7)
  9 wights (D:7)
  6 howler monkeys
  5 crimson imps
  A centaur zombie (D:9)
  A jelly (D:5)
  A bullfrog skeleton (D:5)
  2 centaur skeletons (D:4)
  4 hounds
  13 orc priests
  2 iguanas
  18 orc wizards
  5 worker ants
  A killer bee zombie (D:7)
  A hound skeleton (D:5)
  4 worker ant zombies
  12 adders
  2 shadow imps
  2 oozes
  An adder skeleton (D:8)
  2 worms
  2 dart slugs (D:1)
  8 leopard geckos
  60 orcs
  A ball python (D:7)
  4 giant cockroaches
  9 goblins
  7 hobgoblins
  6 jackals
  8 kobolds
  6 quokkas
  4 bats
  2 frilled lizards (D:1)
  A jackal zombie (D:8)
  2 quokka skeletons
  11 rats
311 creatures vanquished.

Vanquished Creatures (collateral kills)
  An ogre (D:7)
  A bullfrog (D:7)
  A howler monkey (D:3)
  Jessica (D:2)
  An orc wizard (D:3)
  A hound skeleton (D:8)
  A leopard gecko (D:6)
  8 orcs
  A giant cockroach (D:9)
  2 jackals (D:6)
  A quokka (D:6)
  A bat (D:3)
20 creatures vanquished.

Vanquished Creatures (others)
  A hound (D:6)
1 creature vanquished.

Grand Total: 332 creatures vanquished

Notes
Turn   | Place    | Note
-------+----------+-------------------------------------------
     0 | D:1      | troglodite the Demonspawn Berserker began the quest for the Orb.
     0 | D:1      | Reached XP level 1. HP: 18/18 MP: 1/1
   123 | D:1      | Gained mutation: When hurt, damage is shared between your health and your magic reserves. [demonic ancestry]
   123 | D:1      | Reached XP level 2. HP: 24/24 MP: 2/2
   469 | D:1      | Gained mutation: A weak demonic guardian rushes to your aid. [demonic ancestry]
   469 | D:1      | Reached XP level 3. HP: 30/30 MP: 3/3
  1745 | D:2      | Gained mutation: You are partially covered in yellow scales. (AC +2) [demonic ancestry]
  1745 | D:2      | Reached XP level 4. HP: 37/37 MP: 4/4
  1838 | D:2      | Found a faded altar of an unknown god.
  2211 | D:2      | Reached ** piety under Trog
  2335 | D:2      | Found a sparkling altar of Nemelex Xobeh.
  2335 | D:2      | Noticed Jessica
  2341 | D:2      | Killed Jessica
  2470 | D:3      | Reached skill level 4 in Fighting
  2482 | D:3      | Gained mutation: You have a pair of small horns on your head. [demonic ancestry]
  2482 | D:3      | Reached XP level 5. HP: 23/43 MP: 5/5
  2725 | D:3      | Noticed shugdite's ghost (amateur MiFi)
  2737 | D:3      | Killed shugdite's ghost
  2737 | D:3      | Reached XP level 6. HP: 49/49 MP: 6/6
  2809 | D:3      | Noticed Grinder
  2820 | D:3      | Killed Grinder
  2820 | D:3      | Reached skill level 5 in Fighting
  2820 | D:3      | Reached skill level 5 in Long Blades
  3041 | D:3      | Gained mutation: You have a pair of horns on your head. [demonic ancestry]
  3041 | D:3      | Reached XP level 7. HP: 55/56 MP: 7/7
  3394 | D:4      | Noticed quickben's ghost (amateur HOFi)
  3401 | D:4      | Killed quickben's ghost
  3531 | D:4      | Reached *** piety under Trog
  3573 | D:4      | Reached skill level 6 in Fighting
  3864 | D:4      | Found Zuugacej's General Store.
  3892 | D:4      | Reached XP level 8. HP: 64/64 MP: 8/8
  3928 | D:4      | Bought a scroll of identify for 28 gold pieces
  4663 | D:4      | Reached skill level 1 in Maces & Flails
  5040 | D:5      | Entered Level 5 of the Dungeon
  5666 | D:5      | Reached skill level 1 in Slings
  5701 | D:5      | Noticed shugdite's ghost (novice MiFi)
  5711 | D:5      | Killed shugdite's ghost
  5711 | D:5      | Reached **** piety under Trog
  5711 | D:5      | Reached skill level 7 in Fighting
  5711 | D:5      | Reached skill level 1 in Stealth
  5711 | D:5      | Reached XP level 9. HP: 72/72 MP: 5/9
  6067 | D:6      | Reached skill level 5 in Armour
  6330 | D:6      | Found a sparkling altar of Nemelex Xobeh.
  6330 | D:6      | Noticed Pikel
  6343 | D:6      | Killed Pikel
  6410 | D:6      | Found an ancient bone altar of Kikubaaqudgha.
  6436 | D:6      | Reached skill level 5 in Maces & Flails
  6610 | D:6      | Reached skill level 8 in Fighting
  7229 | D:7      | Gained mutation: You are mostly covered in yellow scales. (AC +3) [demonic ancestry]
  7229 | D:7      | Reached XP level 10. HP: 44/80 MP: 3/10
  7242 | D:7      | Received a gift from Trog
  7575 | D:7      | Found a staircase to the Ecumenical Temple.
  7744 | D:7      | Received a gift from Trog
  8017 | D:7      | Reached ***** piety under Trog
  8090 | D:7      | Noticed a two-headed ogre
  8097 | D:7      | Killed a two-headed ogre
  8205 | D:7      | Found a glowing silver altar of Zin.
  8205 | D:7      | Found an ornate altar of the Wu Jian Council.
  8354 | D:8      | Noticed Maurice
  8390 | D:8      | Killed Maurice
  8390 | D:8      | Reached skill level 9 in Fighting
  8648 | D:8      | Noticed Grum
  8661 | D:8      | Killed Grum
  9098 | D:8      | Reached skill level 1 in Shields
  9143 | D:8      | Noticed a three-headed hydra
  9148 | D:8      | Killed a one-headed hydra
  9148 | D:8      | Gained mutation: You have a pair of large horns on your head. [demonic ancestry]
  9148 | D:8      | Reached XP level 11. HP: 80/89 MP: 9/11
  9295 | D:8      | Noticed a two-headed ogre
  9307 | D:8      | Killed a two-headed ogre
  9687 | D:9      | Noticed a two-headed ogre
  9834 | D:9      | Noticed a two-headed ogre
  9841 | D:9      | Killed a two-headed ogre
  9890 | D:9      | Killed a two-headed ogre
  9902 | D:9      | Reached skill level 10 in Fighting
 10240 | D:9      | Received a gift from Trog
 10457 | D:9      | Found a staircase to the Orcish Mines.
 10604 | D:9      | Found a staircase to the Lair.
 10794 | D:10     | Entered Level 10 of the Dungeon
 10796 | D:10     | Noticed empire's ghost (novice MiFi)
 10819 | D:10     | Killed empire's ghost
 10819 | D:10     | Received a gift from Trog
 10881 | D:10     | Noticed Psyche
 10890 | D:10     | Killed Psyche
 11096 | Orc:1    | Entered Level 1 of the Orcish Mines
 11096 | Orc:1    | Noticed a two-headed ogre
 11105 | Orc:1    | Killed a two-headed ogre
 11109 | Orc:1    | Noticed an orc high priest
 11113 | Orc:1    | Reached ****** piety under Trog
 11121 | Orc:1    | Killed an orc high priest
 11121 | Orc:1    | Gained mutation: You are completely covered in yellow scales. (AC +4, rCorr) [demonic ancestry]
 11121 | Orc:1    | Reached XP level 12. HP: 90/98 MP: 9/12
 11559 | Orc:1    | Received a gift from Trog
 11559 | Orc:1    | Reached skill level 5 in Shields
 11605 | Orc:1    | Noticed a stone giant
 11616 | Orc:1    | Slain by a stone giant

Skill      XL: |  1  2  3  4  5  6  7  8  9 10 11 12 |
---------------+-------------------------------------+-----
Long Blades    | 3 4 5 6 |  6.5
Armour         | 2 3 4 5 7 8 |  8.6
Fighting       | 4 5 6 7 8 9 10 | 10.4
Dodging        | 2 3 |  3.8
Maces & Flails | 3 5 7 8 |  8.7
Slings         | 1 3 4 |  4.7
Stealth        | 1 2 |  2.6
Shields        | 1 4 5 |  5.0

Action                   |  1- 3 |  4- 6 |  7- 9 | 10-12 || total
-------------------------+-------+-------+-------+-------++-------
Melee: Falchion          |   133 |   141 |    36 |     8 ||   318
       Headbutt          |       |    19 |    76 |   117 ||   212
       Whip              |       |       |   283 |   464 ||   747
Invok: Berserk           |     2 |     5 |    12 |    14 ||    33
       Burn Spellbooks   |       |       |     1 |       ||     1
  Use: Scroll            |       |       |     6 |     2 ||     8
       Potion            |       |       |       |     3 ||     3
 Stab: Distracted        |       |       |     2 |     2 ||     4
       Sleeping          |       |       |     2 |       ||     2
  Eat: Chunk             |     5 |     9 |    36 |    33 ||    83
Armor: Plate armour      |   101 |   111 |    42 |   259 ||   513
       Ring mail         |       |       |    71 |     1 ||    72
       Skin              |       |       |       |     3 ||     3
Dodge: Dodged            |    42 |    28 |   146 |   160 ||   376
Block: Buckler           |       |       |       |    61 ||    61
       Rpst.: Falchion   |    11 |     5 |     6 |       ||    22
